 Dungeon Crawl Stone Soup version 0.21.1-1-g345015f (webtiles) character file.

114 eccles the Ruffian (level 4, -6/40 HPs)
             Began as a Ghoul Chaos Knight on Apr 13, 2018.
             Mangled by an orange demon (7 damage)
             ... summoned by Xom
             ... on level 3 of the Dungeon.
             The game lasted 00:10:18 (1462 turns).

eccles the Ruffian (Ghoul Chaos Knight)             Turns: 1462, Time: 00:10:19

Health: -6/40      AC:  6    Str: 13 (15) XL:     4   Next: 97%
Magic:  3/3        EV: 11    Int:  5 (7)  God:    Xom [......]
Gold:   24         SH:  0    Dex:  7 (9)  Spells: 3/3 levels left

rFire    . . .     SeeInvis .     - Unarmed
rCold    + . .     Gourm    .   (no shield)
rNeg     + + +     Faith    .   a - +2 leather armour
rPois    ∞         Spirit   .   e - +0 helmet
rElec    .         Reflect  .   (no cloak)
rCorr    .         Harm     .   (no gloves)
MR       .....                  (no boots)
Stlth    +.........             (no amulet)
HPRegen  0.00/turn              (no ring)
MPRegen  0.08/turn              (no ring)

@: weakened, rotting
A: rotting body, claws 1, carnivore, cold resistance 1, negative energy
resistance 3, inhibited regeneration, torment resistance, unbreathing
a: Renounce Religion


You were on level 3 of the Dungeon.
You worshipped Xom.
You were a very special plaything of Xom.
You were not hungry.

You visited 1 branch of the dungeon, and saw 3 of its levels.

You collected 24 gold pieces.

Inventory:

Hand Weapons
 f - a cursed +0 dagger
Missiles
 i - 7 poisoned needles
Armour
 a - a +2 leather armour (worn)
 e - a +0 helmet (worn)
Jewellery
 h - an uncursed amulet of magic regeneration
Scrolls
 d - a scroll of magic mapping
 g - a scroll of identify
 j - a scroll of remove curse
Comestibles
 b - 4 rations


   Skills:
 + Level 3.9 Fighting
 + Level 2.2 Armour
 + Level 1.6 Dodging
 + Level 2.0 Stealth
 + Level 4.5 Unarmed Combat


You had 3 spell levels left.
You didn't know any spells.

Dungeon Overview and Level Annotations

Branches:
Dungeon (3/15)

Altars:
Fedhas
Yredelemnul

Annotations:
D:3 Tiareth's ghost, amateur HOSk


Innate Abilities, Weirdness & Mutations

Your body is rotting away.
You thrive on raw meat.
You are immune to poison.
You have sharp fingernails.
You are carnivorous and can eat meat at any time.
Your flesh is cold resistant. (rC+)
You are immune to negative energy. (rN+++)
You do not regenerate when monsters are visible.
You are immune to unholy pain and torment.
You can survive without breathing.


Message History

You scratch Tiareth's ghost.
Tiareth's ghost is moderately damaged.
The orange demon stings you. The orange demon barely misses you.
Tiareth's ghost hits you.
You closely miss Tiareth's ghost.
Tiareth's ghost is moderately damaged.
The orange demon stings you!
* * * LOW HITPOINT WARNING * * *
Xom is interested.
The orange demon hits you.
* * * LOW HITPOINT WARNING * * *
Xom is amused.
You feel your attacks grow feeble.
The crimson imp blinks!
Tiareth's ghost shouts, "Very impressive.
But it won't help.
Nothing will."
Tiareth's ghost hits you but does no damage.
Tiareth's ghost's shroud bends your attack away.
The orange demon stings you!
You die...
Xom snickers!

##########.#
...........#
...........#
...........#
...........#
...........#
......r...r#
##..######W#
# .# #@# .#
#4# #.#
#§#...#
#####...# #
#.>...###
#.###.###.#
#..<..# #.#
#.##### #.#
# #.#


You could see an orange demon, Tiareth's ghost and a rat.

Vanquished Creatures
  5 adders (D:2)
  An ooze (D:2)
  5 dart slugs
  A leopard gecko (D:1)
  8 bats
  3 giant cockroaches
  9 hobgoblins
  4 jackals (D:1)
  A quokka (D:2)
  4 frilled lizards
  4 goblins (D:1)
  4 kobolds
  3 rats (D:1)
52 creatures vanquished.

Vanquished Creatures (collateral kills)
  A goblin (D:2)
1 creature vanquished.

Grand Total: 53 creatures vanquished

Notes
Turn   | Place    | Note
-------+----------+-------------------------------------------
     0 | D:1      | eccles the Ghoul Chaos Knight began the quest for the Orb.
     0 | D:1      | Reached XP level 1. HP: 19/19 MP: 0/0
    93 | D:1      | XOM: confuse monster(s)
   102 | D:1      | Reached XP level 2. HP: 26/26 MP: 1/1
   182 | D:1      | XOM: harmless Fire miscast
   183 | D:1      | XOM: enchant monster (good)
   268 | D:1      | Reached skill level 1 in Dodging
   327 | D:1      | Reached XP level 3. HP: 30/33 MP: 2/2
   676 | D:2      | Reached skill level 1 in Stealth
   742 | D:2      | XOM: cast spell 'Summon Small Mammal'
   743 | D:2      | Reached XP level 4. HP: 31/40 MP: 3/3
   751 | D:2      | Reached skill level 4 in Unarmed Combat
   844 | D:2      | XOM: harmless Pois miscast
  1004 | D:2      | XOM: harmless Tloc miscast
  1241 | D:2      | Found a basalt altar of Yredelemnul.
  1241 | D:2      | Found a blossoming altar of Fedhas.
  1341 | D:2      | XOM: harmless Pois miscast
  1436 | D:3      | Noticed Tiareth's ghost (amateur HOSk)
  1458 | D:3      | XOM: summons 2 hostile demons
  1459 | D:3      | Noticed an orange demon
  1461 | D:3      | HP: 1/40 [orange demon[Xom] (4)]
  1462 | D:3      | Mangled by an orange demon

Skill      XL: |  1  2  3  4 |
---------------+-------------+-----
Dodging        | 1 |  1.6
Stealth        | 1 2 |  2.0
Unarmed Combat | 4 |  4.5
Armour         | 2 |  2.2
Fighting       | |  3.9

Action                   |  1- 3 |  4- 6 || total
-------------------------+-------+-------++-------
Melee: Unarmed           |   102 |    99 ||   201
       Punch             |     1 |       ||     1
  Use: Scroll            |     2 |     3 ||     5
       Potion            |     3 |     2 ||     5
 Stab: Petrified         |     3 |       ||     3
       Sleeping          |     4 |       ||     4
  Eat: Chunk             |     6 |     5 ||    11
       Ration            |     1 |     1 ||     2
Armor: Leather armour    |    42 |    36 ||    78
Dodge: Dodged            |    61 |    60 ||   121
